 Dungeon Crawl Stone Soup version 0.17-a0-469-g696e5a1 (webtiles) character file.

1974 Fluffy the Carver (level 9, -6/68 HPs)
             Began as a Human Fighter on Apr 6, 2015.
             Was a Believer of Zin.
             Mangled by a goliath beetle (12 damage)
             ... on level 6 of the Dungeon.
             The game lasted 00:21:11 (6510 turns).

Fluffy the Carver (Human Fighter)                   Turns: 6510, Time: 00:21:11

Health: -6/68      AC: 13    Str: 19    XL:     9   Next: 43%
Magic:  11/11      EV:  5    Int:  8    God:    Zin [**....]
Gold:   363        SH: 10    Dex: 14    Spells: 0 memorised, 8 levels left

rFire  . . .     SeeInvis +     a - +1 long sword
rCold  . . .     Clarity  .     y - +0 chain mail
rNeg   . . .     SustAb   .     c - +0 shield
rPois  .         Gourm    +     u - +0 helmet "Beicvoav" {rCorr SInv}
rElec  .         Spirit   .     z - +1 cloak
rCorr  +         Warding  .     (no gloves)
rMut   .         Stasis   .     (no boots)
MR     .....                    C - amulet of the gourmand
Stlth  ..........               (no ring)
                                g - ring of flight

@: not resistant to hostile enchantments, extremely unstealthy
A: no striking features
a: Recite, Vitalisation, Renounce Religion, Evoke Flight


You were on level 6 of the Dungeon.
You worshipped Zin.
Zin was pleased with you.
You were not hungry.

You visited 2 branches of the dungeon, and saw 7 of its levels.

You collected 403 gold pieces.
You donated 40 gold pieces to Zin.

Inventory:

Hand weapons
 a - a +1 long sword (weapon)
Missiles
 q - 2 javelins of returning (quivered)
Armour
 c - a +0 shield (worn)
 u - the +0 helmet "Beicvoav" (worn) {rCorr SInv}
   (You took it off Robin on level 2 of the Dungeon)

   It enhances your eyesight.
   It protects you from acid and corrosion.
 y - a +0 chain mail (worn)
 z - a +1 cloak (worn)
Jewellery
 g - a ring of flight (left hand)
 j - the ring "Bokegiu" {+/*Tele Str+6}
   (You found it on level 6 of the Dungeon)

   [ring of teleportation]

   It causes random teleportation, and can be evoked to teleport at will.
   It affects your strength (+6).
 m - an uncursed amulet of stasis
 w - an uncursed ring of fire
 C - an amulet of the gourmand (around neck)
Magical devices
 v - a wand of frost (13)
 x - a wand of random effects (11)
Scrolls
 f - 3 scrolls of remove curse
 h - a scroll of magic mapping
 o - 2 scrolls of amnesia
 s - 4 scrolls of recharging
 t - 2 scrolls of teleportation
 B - a scroll of blinking
Potions
 e - a potion of might
 k - a potion of ambrosia
 l - a potion of restore abilities
 n - a potion of agility
 p - a potion of heal wounds
 r - 5 potions of curing
 D - a potion of berserk rage
Comestibles
 b - 3 meat rations
 d - 6 bread rations
 i - 2 beef jerkies


   Skills:
 + Level 5.4 Fighting
 + Level 8.0 Long Blades
 + Level 5.7 Armour
 + Level 5.5 Shields
 + Level 3.1 Invocations


You had 8 spell levels left.
You didn't know any spells.

Dungeon Overview and Level Annotations

Branches:
Dungeon (6/15)             Temple (1/1) D:5

Altars:
Ashenzari
Cheibriados
Dithmenos
Gozag
Kikubaaqudgha
Makhleb
Okawaru
Qazlal
Ru
Sif Muna
Trog
Vehumet
Xom
Zin


Message History

* * * LOW HITPOINT WARNING * * *
You hit the goliath beetle but do no damage.
The goliath beetle is severely wounded.
You slash the goliath beetle!
The goliath beetle is almost dead.
You hit the goliath beetle but do no damage.
The goliath beetle is almost dead.
You hit the goliath beetle.
The goliath beetle is almost dead.
The goliath beetle bites you!!
* * * LOW HITPOINT WARNING * * *
You hit the goliath beetle but do no damage.
The goliath beetle is almost dead.
The goliath beetle bites you but does no damage.
You hit the goliath beetle but do no damage.
The goliath beetle is almost dead.
Your shield prevents you from hitting the goliath beetle.
The goliath beetle is almost dead.
The goliath beetle bites you!
You die...

.# #. . .# ##.#####
.......#########
.#####.##......#########
.#####.##.##....@B.....#
.....)....##.#.#######.#
....##.##....#.# #.#
.......##.####.# #.#
.......##.####.# #.#
.......##......# #.#
.......######### ..>
....#### ... ..... #####


You could see a goliath beetle.

Vanquished Creatures
  Sigmund (D:4)
  The ghost of Egregious the Insei, an average TeMo (D:3)
  4 ogres
  A phantom (D:5)
  An ice beast (D:5)
  A centaur (D:6)
  A giant frog (D:6)
  4 killer bees (D:4)
  A giant frog zombie (D:5)
  A crimson imp (D:6)
  3 jellies (D:5)
  2 orc priests (D:5)
  A hound (D:6)
  5 orc wizards
  A gnoll shaman (D:6)
  An iguana (D:5)
  4 worker ants
  A hound zombie (D:5)
  Robin (D:2)
  7 adders
  10 gnolls
  2 worms
  An adder skeleton (D:5)
  A giant gecko (D:4)
  An ooze (D:1)
  32 orcs
  A ball python (D:2)
  2 bat zombies
  21 goblins
  14 hobgoblins
  3 jackals (D:3)
  2 quokkas
  6 bats
  3 giant cockroaches
  A giant gecko skeleton (D:4)
  5 giant newts
  A jackal skeleton (D:5)
  9 kobolds
  8 rats
165 creatures vanquished.

Vanquished Creatures (collateral kills)
  A ball python (D:4)
1 creature vanquished.

Grand Total: 166 creatures vanquished

Notes
Turn   | Place    | Note
--------------------------------------------------------------
     0 | D:1      | Fluffy, the Human Fighter, began the quest for the Orb.
     0 | D:1      | Reached XP level 1. HP: 18/18 MP: 1/1
   182 | D:1      | Reached XP level 2. HP: 24/24 MP: 2/2
   772 | D:2      | Reached XP level 3. HP: 14/29 MP: 3/3
   978 | D:2      | Found a radiant altar of Vehumet.
  1209 | D:2      | Noticed Robin
  1240 | D:2      | Killed Robin
  1252 | D:2      | Reached XP level 4. HP: 13/35 MP: 4/4
  1254 | D:2      | Reached skill level 4 in Long Blades
  1287 | D:2      | Got a spiked helmet
  1293 | D:2      | Identified the +0 helmet "Beicvoav" {rCorr SInv} (You took it off Robin on level 2 of the Dungeon)
  2764 | D:3      | Found a shimmering altar of Xom.
  2804 | D:3      | Reached XP level 5. HP: 41/41 MP: 5/5
  2891 | D:3      | Reached skill level 5 in Long Blades
  3241 | D:3      | Noticed Egregious's ghost (average TeMo)
  3286 | D:3      | Killed Egregious's ghost
  3286 | D:3      | Reached skill level 6 in Long Blades
  3286 | D:3      | Reached XP level 6. HP: 44/47 MP: 6/6
  3317 | D:3      | Found a stormy altar of Qazlal.
  3459 | D:3      | Found a deep blue altar of Sif Muna.
  3469 | D:3      | Found a shadowy altar of Dithmenos.
  3659 | D:4      | Noticed Sigmund
  3714 | D:4      | Killed Sigmund
  3714 | D:4      | Reached XP level 7. HP: 47/52 MP: 7/7
  3925 | D:4      | Reached skill level 7 in Long Blades
  4019 | D:4      | Reached XP level 8. HP: 60/60 MP: 8/8
  4702 | D:5      | Entered Level 5 of the Dungeon
  4870 | D:5      | Found a snail-covered altar of Cheibriados.
  5051 | D:5      | Found a staircase to the Ecumenical Temple.
  5060 | Temple   | Entered the Ecumenical Temple
  5070 | Temple   | Became a worshipper of Zin the Law-Giver
  5070 | Temple   | Acquired Zin's first power
  5215 | D:5      | Acquired Zin's second power
  5256 | D:5      | Reached skill level 1 in Invocations
  5362 | D:5      | Reached skill level 5 in Armour
  5465 | D:5      | Reached skill level 5 in Shields
  5465 | D:5      | Reached XP level 9. HP: 67/67 MP: 10/10
  5710 | D:6      | Reached skill level 5 in Fighting
  6129 | D:6      | Reached skill level 8 in Long Blades
  6421 | D:6      | Got a glittering tin ring
  6422 | D:6      | Identified the ring "Bokegiu" {+/*Tele Str+6} (You found it on level 6 of the Dungeon)
  6510 | D:6      | Mangled by a goliath beetle

Action                   |  1- 3 |  4- 6 |  7- 9 || total
-------------------------+-------+-------+-------++-------
Melee: Long sword        |   106 |   177 |   462 ||   745
Throw: Javelin           |       |       |     1 ||     1
Evoke: Wand              |       |    13 |     1 ||    14
  Use: Scroll            |       |    11 |     4 ||    15
       Potion            |       |       |     1 ||     1
 Stab: Paralysed         |       |     2 |     4 ||     6
  Eat: Chunk             |       |     9 |    14 ||    23
